 Dungeon Crawl Stone Soup version 0.21.1-1-g345015f (webtiles) character file.

7387 tidbits the Martial Artist (level 11, -16/83 HPs)
             Began as a Gnoll Transmuter on Feb 19, 2018.
             Was an Elder of Cheibriados.
             Demolished by a gargoyle
             ... wielding a +0 morningstar
              (21 damage)
             ... in a labyrinth.
             The game lasted 00:26:45 (2795 turns).

tidbits the Martial Artist (Gnoll Transmuter)       Turns: 2795, Time: 00:26:46

Health: -16/83     AC:  7    Str: 20    XL:     11   Next: 14%
Magic:  8/20       EV: 19    Int: 28    God:    Cheibriados [****..]
Gold:   597        SH:  0    Dex: 26    Spells: 5/25 levels left

rFire    . . .     SeeInvis +     - Unarmed
rCold    + . .     Gourm    .   (shield currently unavailable)
rNeg     . . .     Faith    .   B - +2 leather armour {rC+}
rPois    .         Spirit   .   (no helmet)
rElec    .         Reflect  .   (no cloak)
rCorr    .         Harm     .   (gloves currently unavailable)
MR       .....     Rnd*Rage +   F - +0 pair of boots Stlth ++++......Rnd*Tele +
                                u - amulet of regeneration
HPRegen  0.63/turn              s - ring of see invisible
MPRegen  0.17/turn              (no ring)

@: blade hands, very slow
A: distributed training, fangs 1, hooves 1, see invisible, agile 1, berserk 1,
low mp 1, teleportitis 1, weak 1, strong nose
a: End Transformation, Bend Time, Temporal Distortion, Slouch, Renounce Religion


You were in a labyrinth.
You worshipped Cheibriados.
Cheibriados was greatly pleased with you.
You were not hungry.
You had blades for hands.
You visited 2 branches of the dungeon, and saw 15 of its levels.
You also visited: Labyrinth and Ossuary.

You collected 597 gold pieces.

Inventory:

Hand Weapons
 a - a +0 dagger (melded)
 g - a cursed -2 dagger
 j - a +0 hunting sling
 r - a +0 hunting sling
 w - a +0 war axe
 O - a +2 hand axe of freezing
   (You found it in a labyrinth)
Missiles
 h - 16 arrows
 t - 11 stones (quivered)
 K - 8 exploding tomahawks
Armour
 b - a +0 robe
 x - a cursed +0 ring mail
 y - a +1 robe of positive energy
   (You took it off Jessica on level 2 of the Dungeon)
 B - a +2 leather armour of cold resistance (worn)
   (You took it off an orc on level 3 of the Dungeon)
 D - a +0 buckler (melded)
 F - a +0 pair of boots (worn)
Jewellery
 n - an uncursed amulet of faith {unknown}
   (You found it in a labyrinth)
 s - a ring of see invisible (left scythe-like blade)
   (You found it on level 2 of the Dungeon)
 u - an amulet of regeneration (around neck)
   (You found it on level 2 of the Dungeon)
Wands
 J - a wand of enslavement (15)
 M - a wand of iceblast (6)
Scrolls
 i - a scroll of fear {unknown}
 k - 2 scrolls of amnesia
 p - 4 scrolls of enchant armour {unknown}
 z - a scroll of enchant weapon {unknown}
 A - a scroll of vulnerability {unknown}
 G - 5 scrolls of teleportation
 I - 3 scrolls of remove curse
Potions
 e - a potion of heal wounds
 f - 3 potions of lignification
 l - 3 potions of curing
 m - 2 potions of magic
 q - a potion of might
 v - 4 potions of agility
 C - 2 potions of invisibility
 E - a potion of flight
 H - a potion of haste
 L - a potion of berserk rage
 N - a potion of degeneration {unknown}
Books
 d - a book of Changes

   Spells                             Type                      Level
   a - Beastly Appendage              Transmutation                1
   b - Sticks to Snakes               Transmutation                2
   c - Spider Form                    Transmutation/Poison         3
   d - Ice Form                       Ice/Transmutation            4
   e - Blade Hands                    Transmutation                5
 o - a book of Alchemy
   (You found it on level 14 of the Dungeon)

   Spells                             Type                      Level
   a - Sublimation of Blood           Necromancy                   2
   b - Ignite Poison                  Fire/Transmutation/Poison    3
   c - Petrify                        Transmutation/Earth          4
   d - Alistair's Intoxication        Transmutation/Poison         5
   e - Irradiate                      Conjuration/Transmutation    5
Comestibles
 c - 5 rations


   Skills:
 + Level 6.5 Fighting
 + Level 5.9 Short Blades
 + Level 5.9 Long Blades
 + Level 5.9 Axes
 + Level 5.9 Maces & Flails
 + Level 5.9 Polearms
 + Level 5.9 Staves
 + Level 5.9 Slings
 + Level 5.9 Bows
 + Level 5.9 Crossbows
 + Level 5.9 Throwing
 + Level 5.9 Armour
 + Level 7.5 Dodging
 + Level 5.9 Stealth
 + Level 5.9 Shields
 + Level 8.9 Unarmed Combat
 + Level 7.8 Spellcasting
 + Level 4.9 Conjurations
 + Level 4.9 Hexes
 + Level 4.9 Charms
 + Level 4.9 Summonings
 + Level 4.9 Necromancy
 + Level 4.9 Translocations
 + Level 6.3 Transmutations
 + Level 4.9 Fire Magic
 + Level 4.9 Ice Magic
 + Level 4.9 Air Magic
 + Level 4.9 Earth Magic
 + Level 4.9 Poison Magic
 + Level 6.5 Invocations
 + Level 5.9 Evocations


You had 5 spell levels left.
You knew the following spells:

 Your Spells              Type           Power        Failure   Level  Hunger
e - Beastly Appendage     Tmut           #####.       11%         1    None
h - Blade Hands           Tmut           #####.....   50%         5    ####...
i - Ice Form              Ice/Tmut       #####...     34%         4    ##.....
k - Sticks to Snakes      Tmut           #####...     13%         2    None
p - Spider Form           Tmut/Pois      #####.....   19%         3    None
R - Irradiate             Conj/Tmut      #####.....   56%         5    ####...


Dungeon Overview and Level Annotations

Branches:
Dungeon (14/15)            Temple (1/1) D:4            Lair (0/6) D:8
    Orc: D:9-12      Vaults: D:13-14

Altars:
Cheibriados
Dithmenos
Gozag
Hepliaklqana
Makhleb
Nemelex Xobeh
Okawaru
Ru
Sif Muna
Vehumet
Wu Jian
Xom
Yredelemnul
Zin
The Shining One

Annotations:
D:7 exclusion: statue
D:13 Josephine


Innate Abilities, Weirdness & Mutations

Your experience applies equally to all skills.
You have very sharp teeth.
Your uncanny sense of smell can sniff out nearby items.
You have large cloven feet.
You have supernaturally acute eyesight. (SInv)
You are agile. (Dex +2)
You tend to lose your temper in combat.
Your magical capacity is low. (-10% MP)
You are occasionally teleported next to monsters.
You are weak. (Str -2)


Message History

The gargoyle hurls a stone arrow at you.
The stone arrow hits you!
The gargoyle hurls a stone arrow at you.
The stone arrow misses you.
You slash the gargoyle!
The gargoyle is heavily damaged.
The gargoyle hits you with a mace!
Your adder barely misses the gargoyle.
You hit the gargoyle but do no damage.
The gargoyle is heavily damaged.
Your adder bites the gargoyle but does no damage. x2
The gargoyle closely misses you.
You hit the gargoyle.
The gargoyle is severely damaged.
Your adder bites the gargoyle but does no damage.
Your adder barely misses the gargoyle.
You slice the gargoyle!!
You destroy the gargoyle!
Cheibriados thoroughly appreciates the change of pace.
You eat one of the 6 rations.
That ration really hit the spot!
You swap places.
Your adder withers and dies!
Your adder withers and dies!
You see here a glowing hand axe.
O - a glowing hand axe Your transformation is almost over.
A gargoyle comes into view. It is wielding a morningstar.
Found a glowing rapier.
A gargoyle comes into view. It is wielding a morningstar.
The gargoyle misses you.
The gargoyle hits you with a morningstar!
You completely miss the gargoyle. You shred the gargoyle!!!
You destroy the gargoyle!
Cheibriados appreciates the change of pace.
Your hands revert to their normal proportions.
Your +0 dagger unmelds from your body.
Your +0 buckler unmelds from your body.
The gargoyle hurls a stone arrow at you.
The stone arrow misses you. The gargoyle misses you.
Found a robe.
A gargoyle comes into view. It is wielding a mace.
You completely miss the gargoyle.
You bite the gargoyle, but do no damage.
You hit the gargoyle but do no damage.
The gargoyle hurls a stone arrow at you.
The stone arrow misses you.
You hit the gargoyle but do no damage.
You bite the gargoyle, but do no damage.
The gargoyle hurls a stone arrow at you.
The stone arrow hits you!
You hit the gargoyle but do no damage. The gargoyle barely misses you.
You hit the gargoyle but do no damage.
You bite the gargoyle, but do no damage.
You hit the gargoyle.
The gargoyle is lightly damaged.
The gargoyle hits you with a mace.
* * * LOW HITPOINT WARNING * * *
You barely miss the gargoyle.
The gargoyle is lightly damaged.
Casting: Blade Hands
Confirm with . or Enter, or press ? or * to list all spells.
Your hands turn into razor-sharp scythe blades.
Your +0 dagger melds into your body.
Your +0 buckler melds into your body.
The gargoyle hits you with a mace.
* * * LOW HITPOINT WARNING * * *
You slash the gargoyle!
The gargoyle is severely damaged.
The gargoyle completely misses you.
You hit the gargoyle but do no damage.
The gargoyle is severely damaged.
The gargoyle hits you with a mace!
* * * LOW HITPOINT WARNING * * *
You slice the gargoyle!!
You destroy the gargoyle!
Cheibriados appreciates the change of pace.
The gargoyle closely misses you. The gargoyle misses you.
Things that are here:
a mace; a glowing rapier You hit the gargoyle but do no damage.
You hit the gargoyle.
The gargoyle is lightly damaged.
The gargoyle misses you.
You hit the gargoyle but do no damage.
The gargoyle is lightly damaged.
The gargoyle hits you with a morningstar!!
* * * LOW HITPOINT WARNING * * *
You slash the gargoyle!
You bite the gargoyle, but do no damage.
The gargoyle is heavily damaged.
You slash the gargoyle! Your bite misses the gargoyle.
The gargoyle is almost destroyed.
The gargoyle hurls a stone arrow at you.
The stone arrow misses you.
You hit the gargoyle but do no damage.
The gargoyle is almost destroyed.
The gargoyle completely misses you.
You hit the gargoyle but do no damage.
The gargoyle is almost destroyed.
The gargoyle hits you with a morningstar!!
You die...

###. # # #.#. ..
.# #.#. .## ##.###
# # #...# ...
..#.# # #.##
#.##.#).#..#.# #.
.#.# ..#.#.#.#..
###
....#.##.#[#.##.##
....###
#.....#.......
..#...# # #.##.#@#
#. . ###.#...#.9.#
### # ..#..#..##.#
#...#.∆.#.#...#
..# ##
.###..##..## .# #
.#. ... ... .. #
#.##### #. .# ∆ ∆
.# #


You could see a gargoyle.

Vanquished Creatures
  A two-headed ogre (D:14)
  Pikel (D:5)
  The ghost of JeronimusCornelisz the Cleaver, a novice MiBe of Trog (D:7)
  2 centaur zombies
  3 gargoyles (Lab)
  Grinder (D:4)
  3 slime creatures (D:12)
  A hippogriff (D:8)
  3 wyverns
  The ghost of microfolk the Charmwright, an amateur GnSk (D:3)
  5 hungry ghosts (Lab)
  A soldier ant (D:12)
  A black bear (D:10)
  An eye of draining (D:14)
  A slave (D:5)
  3 phantoms
  2 ogres
  A centaur (D:6)
  3 big kobolds
  2 bullfrogs (D:6)
  An earth elemental (Lab)
  2 scorpions
  2 howler monkeys
  3 bullfrog zombies
  2 orc priests
  A bullfrog skeleton (D:11)
  A hound (D:11)
  An orc wizard (D:3)
  2 centaur skeletons
  An iguana (D:7)
  Jessica (D:2)
  2 worker ants
  A hound zombie (D:5)
  4 mummies (Ossuary)
  2 howler monkey zombies
  8 adders
  2 shadow imps
  A worm (D:6)
  2 dart slugs
  A leopard gecko (D:3)
  26 orcs
  2 ball pythons (D:3)
  2 bats
  2 giant cockroaches
  5 goblins
  A hobgoblin (D:3)
  9 jackals
  19 kobolds
  3 quokkas
  3 frilled lizards
  A hobgoblin zombie (Ossuary)
  A kobold zombie (Ossuary)
  3 orc zombies (Ossuary)
  A quokka skeleton (D:6)
  6 rats
161 creatures vanquished.

Vanquished Creatures (collateral kills)
  An ice beast (D:6)
  2 bullfrogs (D:7)
  A hound (D:7)
  4 mummies (Ossuary)
  A hound skeleton (D:6)
  An adder skeleton (D:7)
  3 orcs (D:7)
  A goblin (D:3)
  A jackal (D:7)
  A hobgoblin zombie (Ossuary)
  A kobold (D:3)
  A kobold zombie (Ossuary)
  An orc zombie (Ossuary)
19 creatures vanquished.

Grand Total: 180 creatures vanquished

Notes
Turn   | Place    | Note
-------+----------+-------------------------------------------
     0 | D:1      | tidbits the Gnoll Transmuter began the quest for the Orb.
     0 | D:1      | Reached XP level 1. HP: 17/17 MP: 6/6
    54 | D:2      | Reached XP level 2. HP: 18/23 MP: 7/7
    86 | D:2      | Learned a level 2 spell: Sticks to Snakes
   102 | D:2      | Reached skill level 5 in Spellcasting
   102 | D:2      | Reached XP level 3. HP: 21/28 MP: 6/9
   107 | D:2      | Learned a level 3 spell: Spider Form
   181 | D:2      | Reached skill level 1 in Invocations
   251 | D:2      | Noticed Jessica
   254 | D:2      | Killed Jessica
   254 | D:2      | Reached skill level 1 in Short Blades
   254 | D:2      | Reached skill level 1 in Long Blades
   254 | D:2      | Reached skill level 1 in Axes
   254 | D:2      | Reached skill level 1 in Maces & Flails
   254 | D:2      | Reached skill level 1 in Polearms
   254 | D:2      | Reached skill level 1 in Staves
   254 | D:2      | Reached skill level 1 in Slings
   254 | D:2      | Reached skill level 1 in Bows
   254 | D:2      | Reached skill level 1 in Crossbows
   254 | D:2      | Reached skill level 1 in Throwing
   254 | D:2      | Reached skill level 1 in Armour
   254 | D:2      | Reached skill level 1 in Stealth
   254 | D:2      | Reached skill level 1 in Shields
   254 | D:2      | Reached skill level 1 in Evocations
   254 | D:2      | Reached XP level 4. HP: 30/34 MP: 6/11
   307 | D:3      | Noticed microfolk's ghost (amateur GnSk)
   317 | D:3      | Killed microfolk's ghost
   317 | D:3      | Reached skill level 3 in Fighting
   317 | D:3      | Reached skill level 1 in Conjurations
   317 | D:3      | Reached skill level 1 in Hexes
   317 | D:3      | Reached skill level 1 in Charms
   317 | D:3      | Reached skill level 1 in Summonings
   317 | D:3      | Reached skill level 1 in Necromancy
   317 | D:3      | Reached skill level 1 in Translocations
   317 | D:3      | Reached skill level 4 in Transmutations
   317 | D:3      | Reached skill level 1 in Fire Magic
   317 | D:3      | Reached skill level 1 in Ice Magic
   317 | D:3      | Reached skill level 1 in Air Magic
   317 | D:3      | Reached skill level 1 in Earth Magic
   317 | D:3      | Reached skill level 1 in Poison Magic
   317 | D:3      | Reached XP level 5. HP: 41/41 MP: 8/12
   409 | D:2      | Reached XP level 6. HP: 47/47 MP: 9/13
   454 | D:3      | Reached skill level 2 in Invocations
   578 | D:3      | Reached skill level 2 in Short Blades
   578 | D:3      | Reached skill level 2 in Long Blades
   578 | D:3      | Reached skill level 2 in Axes
   578 | D:3      | Reached skill level 2 in Maces & Flails
   578 | D:3      | Reached skill level 2 in Polearms
   578 | D:3      | Reached skill level 2 in Staves
   578 | D:3      | Reached skill level 2 in Slings
   578 | D:3      | Reached skill level 2 in Bows
   578 | D:3      | Reached skill level 2 in Crossbows
   578 | D:3      | Reached skill level 2 in Throwing
   578 | D:3      | Reached skill level 2 in Armour
   578 | D:3      | Reached skill level 5 in Dodging
   578 | D:3      | Reached skill level 2 in Stealth
   578 | D:3      | Reached skill level 2 in Shields
   578 | D:3      | Reached skill level 2 in Evocations
   718 | D:4      | Noticed Grinder
   728 | D:4      | Paralysed by Grinder for 2 turns
   731 | D:4      | Killed Grinder
   731 | D:4      | Reached skill level 7 in Unarmed Combat
   731 | D:4      | Reached XP level 7. HP: 52/52 MP: 8/15
   749 | D:4      | Found a staircase to the Ecumenical Temple.
   755 | Temple   | Entered the Ecumenical Temple
   828 | Temple   | Became a worshipper of Cheibriados the Contemplative
   937 | D:4      | Gained mutation: You have supernaturally acute eyesight. (SInv) [potion of mutation]
   937 | D:4      | Gained mutation: You have large cloven feet. [potion of mutation]
   937 | D:4      | Gained mutation: You are agile. (Dex +2) [potion of mutation]
   942 | D:5      | Entered Level 5 of the Dungeon
   943 | D:5      | Found a sand-covered staircase.
   949 | D:5      | Reached skill level 2 in Conjurations
   949 | D:5      | Reached skill level 2 in Hexes
   949 | D:5      | Reached skill level 2 in Charms
   949 | D:5      | Reached skill level 2 in Summonings
   949 | D:5      | Reached skill level 2 in Necromancy
   949 | D:5      | Reached skill level 2 in Translocations
   949 | D:5      | Reached skill level 2 in Fire Magic
   949 | D:5      | Reached skill level 2 in Ice Magic
   949 | D:5      | Reached skill level 2 in Air Magic
   949 | D:5      | Reached skill level 2 in Earth Magic
   949 | D:5      | Reached skill level 2 in Poison Magic
   978 | Ossuary  | Entered an ossuary
  1012 | Ossuary  | HP: 2/52 [mummy (19)]
  1263 | D:5      | Noticed Pikel
  1293 | D:5      | Killed Pikel
  1293 | D:5      | Reached skill level 4 in Fighting
  1293 | D:5      | Reached skill level 3 in Short Blades
  1293 | D:5      | Reached skill level 3 in Long Blades
  1293 | D:5      | Reached skill level 3 in Axes
  1293 | D:5      | Reached skill level 3 in Maces & Flails
  1293 | D:5      | Reached skill level 3 in Polearms
  1293 | D:5      | Reached skill level 3 in Staves
  1293 | D:5      | Reached skill level 3 in Slings
  1293 | D:5      | Reached skill level 3 in Bows
  1293 | D:5      | Reached skill level 3 in Crossbows
  1293 | D:5      | Reached skill level 3 in Throwing
  1293 | D:5      | Reached skill level 3 in Armour
  1293 | D:5      | Reached skill level 3 in Stealth
  1293 | D:5      | Reached skill level 3 in Shields
  1293 | D:5      | Reached skill level 6 in Spellcasting
  1293 | D:5      | Reached skill level 3 in Invocations
  1293 | D:5      | Reached skill level 3 in Evocations
  1293 | D:5      | Reached XP level 8. HP: 20/60 MP: 13/17
  1418 | D:6      | Reached * piety under Cheibriados
  1441 | D:6      | Found a sacrificial altar of Ru.
  1508 | D:6      | Found an ornate altar of the Wu Jian Council.
  1553 | D:6      | Reached skill level 3 in Conjurations
  1553 | D:6      | Reached skill level 3 in Hexes
  1553 | D:6      | Reached skill level 3 in Charms
  1553 | D:6      | Reached skill level 3 in Summonings
  1553 | D:6      | Reached skill level 3 in Necromancy
  1553 | D:6      | Reached skill level 3 in Translocations
  1553 | D:6      | Reached skill level 3 in Fire Magic
  1553 | D:6      | Reached skill level 3 in Ice Magic
  1553 | D:6      | Reached skill level 3 in Air Magic
  1553 | D:6      | Reached skill level 3 in Earth Magic
  1553 | D:6      | Reached skill level 3 in Poison Magic
  1553 | D:6      | Reached skill level 4 in Invocations
  1569 | D:6      | Reached skill level 6 in Dodging
  1569 | D:6      | Reached XP level 9. HP: 66/66 MP: 14/18
  1664 | D:7      | Reached skill level 5 in Transmutations
  1668 | D:7      | Reached ** piety under Cheibriados
  1699 | D:8      | Found a staircase to the Lair.
  1748 | D:8      | Reached skill level 4 in Short Blades
  1748 | D:8      | Reached skill level 4 in Long Blades
  1748 | D:8      | Reached skill level 4 in Axes
  1748 | D:8      | Reached skill level 4 in Maces & Flails
  1748 | D:8      | Reached skill level 4 in Polearms
  1748 | D:8      | Reached skill level 4 in Staves
  1748 | D:8      | Reached skill level 4 in Slings
  1748 | D:8      | Reached skill level 4 in Bows
  1748 | D:8      | Reached skill level 4 in Crossbows
  1748 | D:8      | Reached skill level 4 in Throwing
  1748 | D:8      | Reached skill level 4 in Armour
  1748 | D:8      | Reached skill level 4 in Stealth
  1748 | D:8      | Reached skill level 4 in Shields
  1748 | D:8      | Reached skill level 4 in Evocations
  1767 | D:7      | Found a radiant altar of Vehumet.
  1830 | D:7      | Found a burning altar of Makhleb.
  1914 | D:7      | Noticed JeronimusCornelisz's ghost (novice MiBe)
  1932 | D:7      | Killed JeronimusCornelisz's ghost
  1932 | D:7      | Reached skill level 5 in Fighting
  1988 | D:9      | Reached skill level 8 in Unarmed Combat
  2062 | D:9      | Learned a level 4 spell: Ice Form
  2068 | D:9      | Learned a level 5 spell: Blade Hands
  2091 | D:9      | Reached *** piety under Cheibriados
  2113 | D:9      | Reached skill level 5 in Invocations
  2122 | D:10     | Entered Level 10 of the Dungeon
  2199 | D:10     | Gained mutation: You are occasionally teleported next to monsters. [mutagenic glow]
  2222 | D:10     | Gained mutation: You tend to lose your temper in combat. [mutagenic glow]
  2230 | D:10     | Reached XP level 10. HP: 74/74 MP: 9/20
  2243 | D:10     | Reached skill level 7 in Spellcasting
  2253 | D:10     | Gained mutation: You are weak. (Str -2) [mutagenic glow]
  2309 | D:10     | Gained mutation: Your magical capacity is low. (-10% MP) [mutagenic glow]
  2348 | D:11     | Reached skill level 4 in Conjurations
  2348 | D:11     | Reached skill level 4 in Hexes
  2348 | D:11     | Reached skill level 4 in Charms
  2348 | D:11     | Reached skill level 4 in Summonings
  2348 | D:11     | Reached skill level 4 in Necromancy
  2348 | D:11     | Reached skill level 4 in Translocations
  2348 | D:11     | Reached skill level 4 in Fire Magic
  2348 | D:11     | Reached skill level 4 in Ice Magic
  2348 | D:11     | Reached skill level 4 in Air Magic
  2348 | D:11     | Reached skill level 4 in Earth Magic
  2348 | D:11     | Reached skill level 4 in Poison Magic
  2419 | D:12     | Reached skill level 5 in Short Blades
  2419 | D:12     | Reached skill level 5 in Long Blades
  2419 | D:12     | Reached skill level 5 in Axes
  2419 | D:12     | Reached skill level 5 in Maces & Flails
  2419 | D:12     | Reached skill level 5 in Polearms
  2419 | D:12     | Reached skill level 5 in Staves
  2419 | D:12     | Reached skill level 5 in Slings
  2419 | D:12     | Reached skill level 5 in Bows
  2419 | D:12     | Reached skill level 5 in Crossbows
  2419 | D:12     | Reached skill level 5 in Throwing
  2419 | D:12     | Reached skill level 5 in Armour
  2419 | D:12     | Reached skill level 5 in Stealth
  2419 | D:12     | Reached skill level 5 in Shields
  2419 | D:12     | Reached skill level 5 in Evocations
  2489 | D:12     | Reached **** piety under Cheibriados
  2497 | D:12     | Reached skill level 7 in Dodging
  2574 | D:13     | Noticed Josephine
  2610 | D:14     | Learned a level 5 spell: Irradiate
  2641 | D:14     | Reached skill level 6 in Fighting
  2644 | D:14     | Found a labyrinth entrance.
  2644 | D:14     | Noticed a two-headed ogre
  2651 | D:14     | Killed a two-headed ogre
  2651 | D:14     | Reached skill level 6 in Transmutations
  2651 | D:14     | Reached skill level 6 in Invocations
  2681 | Lab      | Entered a labyrinth
  2754 | Lab      | Reached XP level 11. HP: 77/82 MP: 5/20
  2791 | Lab      | HP: 3/83 [gargoyle/morningstar (21)]
  2795 | Lab      | Demolished by a gargoyle

Skill      XL: |  1  2  3  4  5  6  7  8  9 10 |
---------------+-------------------------------+-----
Spellcasting   | 5 6 7 |  7.8
Invocations    | 1 2 3 4 5 6 |  6.5
Short Blades   | 1 2 3 4 5 |  5.9
Long Blades    | 1 2 3 4 5 |  5.9
Axes           | 1 2 3 4 5 |  5.9
Maces & Flails | 1 2 3 4 5 |  5.9
Polearms       | 1 2 3 4 5 |  5.9
Staves         | 1 2 3 4 5 |  5.9
Slings         | 1 2 3 4 5 |  5.9
Bows           | 1 2 3 4 5 |  5.9
Crossbows      | 1 2 3 4 5 |  5.9
Throwing       | 1 2 3 4 5 |  5.9
Armour         | 1 2 3 4 5 |  5.9
Stealth        | 1 2 3 4 5 |  5.9
Shields        | 1 2 3 4 5 |  5.9
Evocations     | 1 2 3 4 5 |  5.9
Fighting       | 3 4 5 6 |  6.5
Conjurations   | 1 2 3 4 |  4.9
Hexes          | 1 2 3 4 |  4.9
Charms         | 1 2 3 4 |  4.9
Summonings     | 1 2 3 4 |  4.9
Necromancy     | 1 2 3 4 |  4.9
Translocations | 1 2 3 4 |  4.9
Transmutations | 4 5 6 |  6.3
Fire Magic     | 1 2 3 4 |  4.9
Ice Magic      | 1 2 3 4 |  4.9
Air Magic      | 1 2 3 4 |  4.9
Earth Magic    | 1 2 3 4 |  4.9
Poison Magic   | 1 2 3 4 |  4.9
Dodging        | 5 6 7 |  7.5
Unarmed Combat | 7 8 |  8.9

Action                   |  1- 3 |  4- 6 |  7- 9 | 10-12 || total
-------------------------+-------+-------+-------+-------++-------
Melee: Unarmed           |    39 |    72 |   224 |   113 ||   448
       Bite              |     5 |     1 |    12 |    33 ||    51
       Headbutt          |     2 |       |     8 |       ||    10
       Kick              |     2 |       |    21 |       ||    23
       Dagger            |       |       |    15 |    41 ||    56
       Punch             |       |       |       |     3 ||     3
Throw: Stone             |       |     4 |     4 |       ||     8
 Cast: Beastly Appendage |     8 |       |     5 |       ||    13
       Spider Form       |     2 |     8 |    18 |       ||    28
       Sticks to Snakes  |       |     5 |    23 |     2 ||    30
       Blade Hands       |       |       |     3 |    11 ||    14
 Abil: End Transformatio |       |       |     1 |       ||     1
  Use: Potion            |       |     1 |     8 |     1 ||    10
       Scroll            |       |     5 |     4 |     1 ||    10
 Stab: Sleeping          |       |     2 |     8 |     1 ||    11
       Distracted        |       |       |     7 |       ||     7
  Eat: Ration            |     1 |       |       |     3 ||     4
       Chunk             |       |       |     1 |     1 ||     2
Armor: Robe              |     1 |     4 |       |       ||     5
       Skin              |       |    18 |     8 |       ||    26
       Leather armour    |       |       |     9 |    20 ||    29
Dodge: Dodged            |    19 |    77 |   225 |   100 ||   421
Block: Buckler           |       |       |    13 |     3 ||    16

Table legend:
 A = Turns spent in this place as a percentage of turns spent in the entire game.
 B = Non-inter-level travel turns spent in this place as a percentage of non-inter-level travel turns spent in the entire game.
 C = Inter-level travel turns spent in this place as a percentage of turns spent in this place.
 D = Turns resting spent in this place as a percentage of non-inter-level travel turns spent in this place.
 E = Turns spent auto-exploring this place as a percentage of non-inter-level travel turns spent in this place.
 F = Non-inter-level travel turns spent in this place divided by the number of levels of this place that you've seen.
                   A       B       C       D       E      F
               +-------+-------+-------+-------+-------+----------------------
         Total | 100.0 | 100.0 |   1.0 |   0.0 |   0.0 | 162.8
       Dungeon |  84.2 |  85.0 |   0.0 |   0.0 |   0.0 | 168.0
        Temple |   3.6 |   2.7 |  26.5 |   0.0 |   0.0 |  75.0
     Labyrinth |   4.1 |   4.1 |   0.0 |   0.0 |   0.0 | 114.0
       Ossuary |   8.1 |   8.2 |   0.0 |   0.0 |   0.0 | 227.0
               +-------+-------+-------+-------+-------+----------------------

Table legend:
 A = Kills in this place as a percentage of kills in entire the game.
 B = Kills by you in this place as a percentage of kills by you in the entire game.
 C = Kills by friends in this place as a percentage of kills by friends in the entire game.
 D = Other kills in this place as a percentage of other kills in the entire game.
 E = Experience gained in this place as a percentage of experience gained in the entire game.
 F = Experience gained in this place divided by the number of levels of this place that you have seen.
                   A       B       C       D       E      F
               +-------+-------+-------+-------+-------+----------------------
         Total | 100.0 | 100.0 | 100.0 |   N/A | 100.0 | 620.8
       Dungeon |  86.0 |  88.8 |  63.2 |   N/A |  78.0 | 588.1
     Labyrinth |   5.0 |   5.6 |   0.0 |   N/A |  20.7 | 2183.0
       Ossuary |   8.9 |   5.6 |  36.8 |   N/A |   1.3 | 137.0
               +-------+-------+-------+-------+-------+----------------------

Vault maps used:
D:1:      minmay_arrival_jagged
D:2:      minmay_misc_feat_doors, uniq_jessica
D:3:      minmay_goblin_kobold_castle
D:4:      minmay_temple_entry_enclosed_plants, uniq_grinder
D:5:      first_ration, nicolae_ossuary_entry_ruins, gup_sewer_entry_bubbles,
          uniq_pikel
D:6:      lemuel_round_altar, kennysheep_mini_moat, trog_book
D:7:      lightli_temple_of_fire, vehumet_statue, uniq_crazy_yiuf_cottage
D:8:      minmay_lair_entry_lava, serial_aquarium, aquarium_bridge_square,
          aquarium_bridge_square, aquarium_window_3, aquarium_window_2,
          aquarium_view_2c, aquarium_view_2d
D:9:      marbit_many_paths, lemuel_doored_altar, grunt_qazlal_clouds,
          nicolae_overflow_hidden_temple, erik_orc_1, serial_shops,
          shop_fountains
D:10:     serial_bayou, serial_bayou_shore_b, serial_bayou_pond_d,
          serial_bayou_pond_d, serial_bayou_pond_e, uniq_erolcha
D:13:     special_room, grunt_pizzeria, uniq_josephine, uniq_urug
D:14:     lightli_vaults_fourway_checkpoint, lab_entry_generic, moated_statue,
          wad_floor_pattern_2, lemuel_centaur_altar
Temple:   nicolae_temple_figure_eight
Lab:      nicolae_lab_dead_adventurers, labyrinth_lava_lair, lab_block,
          nicolae_lab_x, nicolae_lab_hexagon, nicolae_lab_diamond,
          labyrinth_skeletal_remains, nicolae_lab_dead_end, nicolae_lab_swirl,
          nicolae_lab_quarters, nicolae_lab_t_cross, nicolae_lab_lava,
          nicolae_lab_stuck, nicolae_lab_starburst
Ossuary:  ossuary_tomb_3
